%YAML 1.1
%TAG !u! tag:unity3d.com,2011:
--- !u!244 &-7983019524218504829
AudioMixerEffectController:
  m_ObjectHideFlags: 3
  m_CorrespondingSourceObject: {fileID: 0}
  m_PrefabInstance: {fileID: 0}
  m_PrefabAsset: {fileID: 0}
  m_Name: 
  m_EffectID: 5e4f898878e2082409be1d989a674867
  m_EffectName: Attenuation
  m_MixLevel: 3fb1a17d253025d429081cfed7b8f476
  m_Parameters: []
  m_SendTarget: {fileID: 0}
  m_EnableWetMix: 0
  m_Bypass: 0
--- !u!244 &-6046108309398030510
AudioMixerEffectController:
  m_ObjectHideFlags: 3
  m_CorrespondingSourceObject: {fileID: 0}
  m_PrefabInstance: {fileID: 0}
  m_PrefabAsset: {fileID: 0}
  m_Name: 
  m_EffectID: b37855b2eeaf82f4dbdfccb6237dd283
  m_EffectName: Attenuation
  m_MixLevel: 2824cdf78f35da3439e011eb27bed43f
  m_Parameters: []
  m_SendTarget: {fileID: 0}
  m_EnableWetMix: 0
  m_Bypass: 0
--- !u!241 &24100000
AudioMixerController:
  m_ObjectHideFlags: 0
  m_CorrespondingSourceObject: {fileID: 0}
  m_PrefabInstance: {fileID: 0}
  m_PrefabAsset: {fileID: 0}
  m_Name: Sound
  m_OutputGroup: {fileID: 0}
  m_MasterGroup: {fileID: 24300002}
  m_Snapshots:
  - {fileID: 24500006}
  m_StartSnapshot: {fileID: 24500006}
  m_SuspendThreshold: -80
  m_EnableSuspend: 1
  m_UpdateMode: 0
  m_ExposedParameters:
  - guid: 44e2f7d1f56383e45a61dc77c04e2a56
    name: MasterVolume
  - guid: 68ff691227e758b4d9f676f5c7b2bf57
    name: MusicVolume
  - guid: 8db88219d1e9f364b8e6eccef59cb5ac
    name: SFXVolume
  m_AudioMixerGroupViews:
  - guids:
    - 0d7c169ab61812e41b7fae48b3d5ab87
    - 8b33232eefffab940a1c8892f840cbf7
    - d0f66fb8cad4ba24db5038cf4ebb3f72
    name: View
  m_CurrentViewIndex: 0
  m_TargetSnapshot: {fileID: 24500006}
--- !u!243 &24300002
AudioMixerGroupController:
  m_ObjectHideFlags: 0
  m_CorrespondingSourceObject: {fileID: 0}
  m_PrefabInstance: {fileID: 0}
  m_PrefabAsset: {fileID: 0}
  m_Name: Master
  m_AudioMixer: {fileID: 24100000}
  m_GroupID: 0d7c169ab61812e41b7fae48b3d5ab87
  m_Children:
  - {fileID: 2829633910853988013}
  - {fileID: 5257611458740582822}
  m_Volume: 44e2f7d1f56383e45a61dc77c04e2a56
  m_Pitch: 98dad35d1c0f1a3488e232451cab88bc
  m_Send: 00000000000000000000000000000000
  m_Effects:
  - {fileID: 24400004}
  m_UserColorIndex: 0
  m_Mute: 0
  m_Solo: 0
  m_BypassEffects: 0
--- !u!244 &24400004
AudioMixerEffectController:
  m_ObjectHideFlags: 3
  m_CorrespondingSourceObject: {fileID: 0}
  m_PrefabInstance: {fileID: 0}
  m_PrefabAsset: {fileID: 0}
  m_Name: 
  m_EffectID: b7ed438ddf1c33a4095d9c795af6a1b2
  m_EffectName: Attenuation
  m_MixLevel: 8e5c9890e68202a4791921e41993e83d
  m_Parameters: []
  m_SendTarget: {fileID: 0}
  m_EnableWetMix: 0
  m_Bypass: 0
--- !u!245 &24500006
AudioMixerSnapshotController:
  m_ObjectHideFlags: 0
  m_CorrespondingSourceObject: {fileID: 0}
  m_PrefabInstance: {fileID: 0}
  m_PrefabAsset: {fileID: 0}
  m_Name: Snapshot
  m_AudioMixer: {fileID: 24100000}
  m_SnapshotID: 58568950f43379d47a8d489f9789b3f8
  m_FloatValues:
    44e2f7d1f56383e45a61dc77c04e2a56: -6
    68ff691227e758b4d9f676f5c7b2bf57: -6
    8db88219d1e9f364b8e6eccef59cb5ac: -3.0822568
  m_TransitionOverrides: {}
--- !u!243 &2829633910853988013
AudioMixerGroupController:
  m_ObjectHideFlags: 0
  m_CorrespondingSourceObject: {fileID: 0}
  m_PrefabInstance: {fileID: 0}
  m_PrefabAsset: {fileID: 0}
  m_Name: SFX
  m_AudioMixer: {fileID: 24100000}
  m_GroupID: d0f66fb8cad4ba24db5038cf4ebb3f72
  m_Children: []
  m_Volume: 8db88219d1e9f364b8e6eccef59cb5ac
  m_Pitch: 4078c5bed048717449d60965d8ff52bd
  m_Send: 00000000000000000000000000000000
  m_Effects:
  - {fileID: -6046108309398030510}
  m_UserColorIndex: 0
  m_Mute: 0
  m_Solo: 0
  m_BypassEffects: 0
--- !u!243 &5257611458740582822
AudioMixerGroupController:
  m_ObjectHideFlags: 0
  m_CorrespondingSourceObject: {fileID: 0}
  m_PrefabInstance: {fileID: 0}
  m_PrefabAsset: {fileID: 0}
  m_Name: Music
  m_AudioMixer: {fileID: 24100000}
  m_GroupID: 8b33232eefffab940a1c8892f840cbf7
  m_Children: []
  m_Volume: 68ff691227e758b4d9f676f5c7b2bf57
  m_Pitch: 152a7e490226274478073aea0b02a7c9
  m_Send: 00000000000000000000000000000000
  m_Effects:
  - {fileID: -7983019524218504829}
  m_UserColorIndex: 0
  m_Mute: 0
  m_Solo: 0
  m_BypassEffects: 0
